 Dungeon Crawl Stone Soup version 0.19.4-9-g45fd643 (webtiles) character file.

3966 vatarom the Cutter (level 10, -2/56 HPs)
             Began as a Vine Stalker Fighter on Feb 17, 2017.
             Was a Believer of Uskayaw.
             Slain by a killer bee (3 damage)
             ... on level 8 of the Dungeon.
             The game lasted 00:14:40 (6375 turns).

vatarom the Cutter (Vine Stalker Fighter)           Turns: 6375, Time: 00:14:40

Health: -2/56      AC:  5    Str: 22    XL:     10   Next: 22%
Magic:  0/15       EV: 13    Int: 11    God:    Uskayaw [**....]
Gold:   493        SH: 10    Dex: 13    Spells: 0 memorised, 9 levels left

rFire  . . .     SeeInvis .     a - +2 rapier
rCold  + . .     Gourm    .     y - +0 troll leather armour
rNeg   . . .     Faith    .     c - +1 shield
rPois  .         Spirit   +     (no helmet)
rElec  .         Reflect  .     t - +0 cloak
rCorr  .         Harm     .     (no gloves)
MR     +....                    (no boots)
Stlth  +.........               r - amulet of magic regeneration
                                (no ring)
                                p - +4 ring of strength

@: lethally poisoned (-2 -> -4), very slightly contaminated, drained
A: fangs 3, hooves 1, repulsion field 1, clumsy 1, cold resistance 1,
regeneration 1, magic shield, antimagic bite, no device heal 3, rot immunity
a: Stomp, Line Pass, Renounce Religion


You were on level 8 of the Dungeon.
You worshipped Uskayaw.
Uskayaw was noncommittal.
You were very hungry.

You visited 2 branches of the dungeon, and saw 9 of its levels.
You also visited: Sewer.

You collected 493 gold pieces.

Inventory:

Hand Weapons
 a - a +2 rapier (weapon)
 A - a +2 dagger of draining
Armour
 c - a +1 shield (worn)
 t - a +0 cloak (worn)
 y - a +0 troll leather armour (worn)
Jewellery
 p - a +4 ring of strength (left hand)
 r - an amulet of magic regeneration (around neck)
Wands
 g - a wand of polymorph (17/24)
 l - a wand of flame (13/48)
 u - a wand of iceblast (10/15)
 w - a wand of paralysis (19/24)
Scrolls
 b - 4 scrolls of identify
 d - 6 scrolls of remove curse
 e - 2 scrolls of enchant armour
 h - 4 scrolls of fog
 i - a scroll of amnesia
Potions
 n - 2 potions of curing
 q - 2 potions of might
 x - 3 potions of agility
Comestibles
 f - 5 bread rations
 k - 2 royal jellies
 m - 3 beef jerkies
 v - 3 meat rations
 z - 2 fruits


   Skills:
 * Level 7.6(7.1) Fighting
 - Level 7.6(7.1) Short Blades
 - Level 3.9(3.4) Armour
 * Level 3.7(3.2) Dodging
 - Level 4.2(3.7) Shields
 * Level 5.6(5.1) Invocations


You had 9 spell levels left.
You didn't know any spells.

Dungeon Overview and Level Annotations

Branches:
Dungeon (8/15)             Temple (1/1) D:5
   Lair: D:8-11

Altars:
Ashenzari
Cheibriados
Dithmenos
Elyvilon
Fedhas
Gozag
Hepliaklqana
Kikubaaqudgha
Makhleb
Nemelex Xobeh
Okawaru
Qazlal
Ru
Sif Muna
Trog
Uskayaw
Vehumet
Yredelemnul
Zin
The Shining One


Innate Abilities, Weirdness & Mutations

You have razor-sharp teeth.
Your natural rate of healing is unusually fast.
When hurt, damage is shared between your health and your magic reserves.
Your bite disrupts and absorbs the magic of your enemies.
Potions and wands cannot restore your health.
You are immune to rotting.
You have large cloven feet.
You are surrounded by a mild repulsion field. (EV +2)
You are clumsy. (Dex -2)
Your flesh is cold resistant. (rC+)


Message History

The queen bee stings you!
* * * LOW HITPOINT WARNING * * *
You stomp with the beat, sending a shockwave through the revelers around you!
You kill the queen bee!
You feel somewhat more hungry.
You feel sick. You block the killer bee's attack.
The killer bee completely misses you.
Unknown command.
You puncture the killer bee! Your kick misses the killer bee.
Your bite misses the killer bee.
The killer bee is heavily wounded.
You feel sick. The killer bee barely misses you. The killer bee stings you!
* * * LOW HITPOINT WARNING * * *
You are lethally poisoned!
The killer bee poisons you!
As you read the scroll of fear, it crumbles to dust.
You assume a fearsome visage.
The killer bee looks frightened! x2
The wight is unaffected.
* * * LOW HITPOINT WARNING * * *
You feel sick. You block the killer bee's attack. The killer bee stings you.
You die...

#............ .....
............ ##
#....# #...........
#.##..#.##
#...........
#.##y...##
#..........
#.#.....##
#.........# #.......#
##.......##
##....!.#####).......
#..)....zyy@......###
###.......)y#########
####...........#
..............#
#######y.......#
................#
.........#......#
...(....####....#
.......## ###..#


You could see 3 killer bees and a wight.

Vanquished Creatures
  Pikel (D:5)
  A troll (D:7)
  A queen bee (D:8)
  A sky beast (D:6)
  An ice beast (D:7)
  A necrophage (D:8)
  A black bear (D:7)
  2 ogres
  3 centaurs
  A big kobold (D:8)
  A crocodile (D:7)
  11 bullfrogs
  2 scorpions
  7 killer bees (D:8)
  3 wights (D:8)
  3 howler monkeys
  2 crimson imps
  A hound (D:5)
  A bullfrog skeleton (D:7)
  2 centaur skeletons
  A jelly (D:8)
  An orc priest (D:8)
  An orc wizard (D:8)
  Crazy Yiuf (D:6)
  2 iguanas
  2 worker ants
  A hound skeleton (D:8)
  A howler monkey skeleton (D:5)
  12 gnolls
  16 adders
  2 shadow imps
  3 oozes
  5 worms
  2 dart slugs
  5 leopard geckos
  10 orcs
  9 bats
  8 giant cockroaches
  10 goblins
  10 hobgoblins
  6 jackals
  14 kobolds
  6 quokkas
  A ball python (D:5)
  12 frilled lizards
  A leopard gecko skeleton (D:4)
  7 rats
  A fungus (D:6)
196 creatures vanquished.

Notes
Turn   | Place    | Note
-------+----------+-------------------------------------------
     0 | D:1      | vatarom the Vine Stalker Fighter began the quest for the Orb.
     0 | D:1      | Reached XP level 1. HP: 11/11 MP: 2/2
   158 | D:1      | Reached XP level 2. HP: 11/16 MP: 1/3
   746 | D:1      | Reached XP level 3. HP: 18/19 MP: 4/4
  1071 | D:2      | Gained mutation: Your natural rate of healing is unusually fast. [Vine Stalker growth]
  1071 | D:2      | Reached XP level 4. HP: 15/23 MP: 5/5
  1651 | D:3      | Noticed a bullfrog
  1675 | D:3      | Killed a bullfrog
  1675 | D:3      | Reached XP level 5. HP: 17/27 MP: 4/6
  1774 | D:3      | Reached XP level 6. HP: 32/32 MP: 7/7
  1827 | D:3      | Found a glowing drain.
  1855 | Sewer    | Entered a sewer
  2101 | Sewer    | Reached skill level 5 in Short Blades
  2101 | Sewer    | Reached skill level 1 in Dodging
  2104 | Sewer    | Reached XP level 7. HP: 15/35 MP: 8/8
  2489 | D:3      | Found a stormy altar of Qazlal.
  2634 | D:4      | Gained mutation: Your flesh is cold resistant. (rC+) [potion of mutation]
  2634 | D:4      | Gained mutation: You are clumsy. (Dex -2) [potion of mutation]
  2634 | D:4      | Gained mutation: Your muscles are strong. (Str +2) [potion of mutation]
  3239 | D:5      | Entered Level 5 of the Dungeon
  3678 | D:5      | Found a shattered altar of Ashenzari.
  3678 | D:5      | Found a shadowy altar of Dithmenos.
  3782 | D:5      | Noticed Pikel
  3795 | D:5      | Found a hide-covered altar of Uskayaw.
  3811 | D:5      | Became a worshipper of Uskayaw the Reveler
  3815 | D:5      | Reached * piety under Uskayaw
  3830 | D:5      | Reached ** piety under Uskayaw
  3834 | D:5      | Killed Pikel
  3834 | D:5      | Reached skill level 5 in Fighting
  3834 | D:5      | Gained mutation: You have razor-sharp teeth. [Vine Stalker growth]
  3834 | D:5      | Reached XP level 8. HP: 7/43 MP: 6/9
  3944 | D:5      | Got a brightly glowing falchion
  3945 | D:5      | Identified the +3 falchion of Callousness {drain, rPois rF- Dex+4 Stlth+} (You found it on level 5 of the Dungeon)
  4175 | D:5      | Reached *** piety under Uskayaw
  4360 | D:5      | Found a staircase to the Ecumenical Temple.
  4413 | Temple   | Entered the Ecumenical Temple
  4525 | D:6      | Reached skill level 1 in Invocations
  4588 | D:6      | Reached XP level 9. HP: 22/48 MP: 8/11
  4771 | D:6      | Gained mutation: You are surrounded by a mild repulsion field. (EV +2) [potion of mutation]
  4771 | D:6      | Gained mutation: You have large cloven feet. [potion of mutation]
  4771 | D:6      | Lost mutation: Your muscles are strong. (Str +2) [potion of mutation]
  5033 | D:6      | Found a runed door.
  5037 | D:6      | Noticed Crazy Yiuf
  5040 | D:6      | Killed Crazy Yiuf
  5183 | D:7      | Reached **** piety under Uskayaw
  5390 | D:7      | Noticed a troll
  5400 | D:7      | Killed a troll
  5624 | D:7      | Reached ***** piety under Uskayaw
  6070 | D:8      | Reached XP level 10. HP: 47/55 MP: 12/14
  6141 | D:8      | Reached skill level 5 in Invocations
  6374 | D:8      | HP: 1/56 [killer bee (8)]
  6375 | D:8      | Slain by a killer bee

Skill      XL: |  1  2  3  4  5  6  7  8  9 10 |
---------------+-------------------------------+-----
Short Blades   | 2 3 4 5 7 |  7.6
Shields        | 3 4 |  4.2
Dodging        | 1 2 3 |  3.7
Fighting       | 5 7 |  7.6
Invocations    | 2 4 5 |  5.6
Armour         | 3 |  3.9

Action                   |  1- 3 |  4- 6 |  7- 9 | 10-12 || total
-------------------------+-------+-------+-------+-------++-------
Melee: Rapier            |    88 |   172 |   351 |    64 ||   675
       Bite              |    24 |    43 |   117 |    12 ||   196
       Kick              |       |       |    51 |    11 ||    62
Invok: Stomp             |       |       |     1 |     3 ||     4
       Line Pass         |       |       |       |     1 ||     1
  Use: Scroll            |     4 |     6 |     6 |     1 ||    17
       Potion            |     1 |     4 |     6 |     1 ||    12
 Stab: Paralysed         |       |       |     7 |     3 ||    10
  Eat: Chunk             |     1 |     3 |     9 |     1 ||    14
       Bread ration      |       |       |     1 |       ||     1
Armor: Scale mail        |    34 |    56 |    66 |       ||   156
       Troll leather arm |       |       |    11 |     4 ||    15
Dodge: Dodged            |    35 |    51 |   114 |    31 ||   231
Block: Shield            |    57 |   107 |   161 |    40 ||   365
